 Dungeon Crawl Stone Soup version 0.31.0-12-g77e489cdc1 (webtiles) character file.

Game seed: 8346143271452864403

80 nightchill the Firebug (level 4, -16/35 HPs)
             Began as a Hill Orc Fire Elementalist on Feb 12, 2024.
             Demolished by a sleepcap (21 damage)
             ... on level 3 of the Dungeon.
             The game lasted 00:04:10 (1939 turns).

nightchill the Firebug (Hill Orc Fire Elementalist) Turns: 1939, Time: 00:04:11

Health: -16/35     AC:  3    Str: 12    XL:     4   Next: 39%
Magic:  1/7        EV:  2    Int: 15    God:
Gold:   77         SH:  0    Dex: 11    Spells: 6/7 levels left

rFire   . . .        e - +0 dagger
rCold   . . .        (no shield)
rNeg    . . .        a - +0 robe
rPois   .            (no helmet)
rElec   .            (no cloak)
rCorr   .            o - +0 pair of gloves
SInv    .            (no boots)
Will    .....        (no amulet)
Stlth   ++           (no ring)
HPRegen 0.25/turn    (no ring)
MPRegen 0.10/turn

%: no passive effects
@: sleeping
A: no striking features
a: no special abilities


You were on level 3 of the Dungeon.
You visited 1 branch of the dungeon, and saw 3 of its levels.

You collected 77 gold pieces.

Inventory:

Hand Weapons
 e - a +0 dagger (weapon)
Missiles
 h - 3 datura-tipped darts
Armour
 a - a +0 robe (worn)
 k - a +0 ring mail
 l - a +0 chain mail
 o - a +0 pair of gloves (worn)
Jewellery
 p - a ring of ice
Scrolls
 c - 2 scrolls of enchant armour {unknown}
 f - a scroll of blinking {unknown}
 i - 2 scrolls of poison {unknown}
 m - a scroll of identify {unknown}
 n - a scroll of noise {unknown}
Potions
 b - a potion of magic
 d - a potion of resistance {unknown}
 g - a potion of curing {unknown}
 j - a potion of might {unknown}


   Skills:
 + Level 1.5 Fighting
 - Level 1.5 Dodging
 - Level 1.5 Stealth
 + Level 2.0 Spellcasting
 - Level 2.3 Conjurations
 * Level 4.3 Fire Magic


You had 6 spell levels left.
You knew the following spells:

 Your Spells              Type           Power      Damage    Failure   Level
a - Foxfire               Conj/Fire      44%        2x1d6     6%          1

Your spell library contained the following spells:

 Spells                   Type           Power      Damage    Failure   Level
 Scorch                   Fire           28%        2d6       6%          2
 Momentum Strike          Conj/Tloc      8%         3d8       22%         2
 Inner Flame              Hex/Fire       7%         N/A       28%         3
 Volatile Blastmotes      Fire/Tloc      14%        2d11      28%         3
 Blink                    Tloc           2%         N/A       32%         2
 Lesser Beckoning         Tloc           2%         N/A       32%         2
 Flame Wave               Conj/Fire      11%        2d6       50%         4


Dungeon Overview and Level Annotations

Branches:
Dungeon (3/15)

Altars:


Message History

The sleepcap is severely damaged.
The foxfire hits the sleepcap but does no damage.
The sleepcap is severely damaged.
The sleepcap releases spores at you.
* * * LOW HITPOINT WARNING * * *
Casting: Foxfire (safe; 6% risk of failure)
Confirm with . or Enter, or press ? or * to list all spells.
You miscast Foxfire.
You are very lightly contaminated with residual magic.
Nothing appears to happen.
The sleepcap barely misses you.
Unknown command.
Unknown command.
Casting: Foxfire (safe; 6% risk of failure)
Confirm with . or Enter, or press ? or * to list all spells.
You don't have enough magic to cast this spell.
You hit the sleepcap but do no damage.
You punch the sleepcap, but do no damage.
The sleepcap is severely damaged.
The sleepcap barely misses you.
You hit the sleepcap.
The sleepcap is severely damaged.
The sleepcap closely misses you.
You hit the sleepcap but do no damage.
The sleepcap is severely damaged.
The sleepcap releases spores at you but does no damage.
You hit the sleepcap but do no damage.
You punch the sleepcap, but do no damage.
The sleepcap is severely damaged.
The sleepcap releases spores at you but does no damage.
You hit the sleepcap but do no damage.
The sleepcap is severely damaged.
The sleepcap releases spores at you.
* * * LOW HITPOINT WARNING * * *
You are engulfed in a cloud of soporific spores!
You fall asleep.
The sleepcap completely misses you.
Your magical contamination has completely faded away.
The sleepcap releases spores at you!!
Ouch! That really hurt!
You die...

#. ## .. .. #. . #.#. ..#
#.#
...######.############.##
.......<†..#..@f.........
#....#####........######
### #.#...##...#
...###..###.## ..####
##.# #..## ## .# ##..##
.. ##..# #>. ##.#### #.#
#....###


You could see a sleepcap.

Vanquished Creatures
  3 adders
  A ribbon worm (D:2)
  3 dart slugs
  7 endoplasms
  3 giant cockroaches
  5 goblins
  A hobgoblin (D:1)
  4 jackals (D:2)
  A quokka (D:2)
  2 ball pythons (D:2)
  5 bats
  2 frilled lizards (D:1)
  3 kobolds (D:1)
  3 rats
43 creatures vanquished.

Vanquished Creatures (others)
  125 foxfires
125 creatures vanquished.

Grand Total: 168 creatures vanquished

Notes
Turn   | Place    | Note
-------+----------+-------------------------------------------
     0 | D:1      | nightchill the Hill Orc Fire Elementalist began the quest
                  | for the Orb.
     0 | D:1      | Reached XP level 1. HP: 14/14 MP: 3/3
   204 | D:1      | Reached XP level 2. HP: 22/22 MP: 1/4
   963 | D:1      | Reached skill level 1 in Fighting
   963 | D:1      | Reached XP level 3. HP: 16/28 MP: 0/5
  1194 | D:2      | Reached skill level 4 in Fire Magic
  1259 | D:2      | Reached XP level 4. HP: 35/35 MP: 3/6
  1939 | D:3      | Demolished by a sleepcap

Illustrated notes

Levels and vault maps discovered:
D:1:      co_arrival_random_square_maze, layout_rooms, hex_large,
          dk_noncrumbling_2
D:2:      layout_rooms
D:3:      layout_rooms, mainiacjoe_overflow_small_starburst, eino_tiny_chamber,
          kennysheep_generic_room_5, uniq_robin

Skill      XL: |  1  2  3  4 |
---------------+-------------+-----
Fighting       | 1 |  1.5
Conjurations   | 2 |  2.3
Fire Magic     | 4 |  4.3
Spellcasting   | 2 |  2.0
Dodging        | |  1.5
Stealth        | |  1.5

Action                     |  1- 3 |  4- 6 || total
---------------------------+-------+-------++-------
  Melee: Dagger            |    20 |    14 ||    34
         Punch             |       |     2 ||     2
   Cast: Foxfire           |    38 |    31 ||    69
 Armour: Robe              |    28 |    23 ||    51
  Dodge: Dodged            |    27 |    22 ||    49
